 Dungeon Crawl Stone Soup version 0.19-a0-157-gbc558dc (webtiles) character file.

75 Kidiri the Firebug (level 3, -2/27 HPs)
             Began as a Demigod Fire Elementalist on May 20, 2016.
             Killed by divine providence
             ... invoked by an orc priest
              (11 damage)
             ... on level 3 of the Dungeon.
             The game lasted 00:07:01 (1948 turns).

Kidiri the Firebug (Demigod Fire Elementalist)      Turns: 1948, Time: 00:07:02

Health: -2/27      AC:  7    Str: 11    XL:     3   Next: 88%
Magic:  3/8        EV: 13    Int: 21    God:
Gold:   98         SH:  0    Dex: 16    Spells: 3 memorised, 0 levels left

rFire  + . .     SeeInvis .     g - +0 flail (protect)
rCold  x . .     Gourm    .     a - +0 robe
rNeg   . . .     Faith    .     (no shield)
rPois  .         Spirit   .     (no helmet)
rElec  .         Dismiss  .     (no cloak)
rCorr  .         Reflect  +     (no gloves)
SustAt +         Harm     .     (no boots)
MR     .....                    l - +3 amulet of reflection
Stlth  +.........               (no ring)
                                e - ring of fire

@: confused, not resistant to hostile enchantments, very unstealthy
A: high mp 1, sustain attributes
a: no special abilities


You were on level 3 of the Dungeon.
You were not hungry.

You visited 1 branch of the dungeon, and saw 3 of its levels.

You collected 98 gold pieces.

Inventory:

Hand Weapons
 g - a +0 flail of protection (weapon)
Armour
 a - a +0 robe (worn)
Jewellery
 e - a ring of fire (left hand)
 l - a +3 amulet of reflection (around neck)
Potions
 h - a potion of might
 i - a potion of lignification
 j - a potion of berserk rage
 n - a potion of magic
Books
 b - a book of Flames

   Spells                             Type                      Level
   a - Flame Tongue                   Conjuration/Fire             1
   b - Throw Flame                    Conjuration/Fire             2
   c - Conjure Flame                  Conjuration/Fire             3
   d - Inner Flame                    Hexes/Fire                   3
   e - Sticky Flame                   Conjuration/Fire             4
   f - Fireball                       Conjuration/Fire             5
Comestibles
 c - 2 bread rations
 d - a chunk of flesh
 f - 2 meat rations
 k - a fruit


   Skills:
 + Level 0.8 Fighting
 + Level 0.8 Armour
 * Level 2.6 Dodging
 - Level 1.7 Stealth
 * Level 2.2 Spellcasting
 + Level 1.3 Conjurations
 + Level 3.1 Fire Magic


You couldn't memorise any spells.
You knew the following spells:

 Your Spells              Type           Power        Failure   Level  Hunger
a - Flame Tongue          Conj/Fire      ###..        8%          1    #......
b - Throw Flame           Conj/Fire      ###...       12%         2    ##.....
c - Conjure Flame         Conj/Fire      ###.....     21%         3    ###....


Dungeon Overview and Level Annotations

Branches:
Dungeon (3/15)


Innate Abilities, Weirdness & Mutations

You have an increased reservoir of magic (+10% MP).
Your attributes are resistant to harm.


Message History

The orc priest mumbles some strange prayers to Beogh against you.
Beogh smites you! Something hits you but does no damage.
You swing at nothing.
An orc wizard appears from thin air!
Reactivating autopickup.
The orc wizard hits you but does no damage.
You swing at nothing.
The orc wizard casts a spell.
The orc wizard flickers and vanishes!
Deactivating autopickup; reactivate with Ctrl-A.
You hit something. Something hits you but does no damage.
You hear some strange, mumbled words.
You are more confused.
You swing at nothing.
Something hits you but does no damage.
You hit something.
Something hits you but does no damage. x2
You swing at nothing.
You feel less woody.
Your +0 robe unmelds from your body.
The orc priest invokes the aid of Beogh against you.
Beogh smites you!
You die... ...... ..... .... ooh ho

######
#h############.....
###{#..........#.####
#..)@........#.#.#
#.#.#.######.#.#.#
........# ##....#.#
###.#.#.####....)#.#
#................#
#####$##.#.....#.#
#?##.#..).##.#
#.##.#.#.###.####
#.##.#.#.........


You could see an orc priest, 2 orcs and 3 jackals.

Vanquished Creatures
  A gnoll (D:1)
  An adder (D:2)
  An ooze (D:1)
  A worm (D:1)
  2 dart slugs
  A giant gecko (D:1)
  2 orcs (D:3)
  2 ball pythons
  2 giant cockroaches
  4 goblins (D:2)
  6 hobgoblins
  3 jackals (D:2)
  A kobold (D:3)
  4 bats
  5 giant newts
  7 rats
43 creatures vanquished.

Notes
Turn   | Place    | Note
--------------------------------------------------------------
     0 | D:1      | Kidiri the Demigod Fire Elementalist began the quest for the Orb.
     0 | D:1      | Reached XP level 1. HP: 14/14 MP: 5/5
   119 | D:1      | Reached skill level 1 in Conjurations
   119 | D:1      | Reached XP level 2. HP: 4/22 MP: 1/7
   127 | D:1      | Learned a level 2 spell: Throw Flame
   840 | D:1      | Reached skill level 3 in Fire Magic
  1062 | D:2      | Reached XP level 3. HP: 27/27 MP: 1/8
  1316 | D:2      | Learned a level 3 spell: Conjure Flame
  1661 | D:2      | Found a shadowy altar of Dithmenos.
  1948 | D:3      | Killed from afar by an orc priest

Vault maps used:
D:1:      sevenhm_arrival_forest_fort_small_6
D:2:      grunt_dithmenos_smoke_and_mirrors
D:3:      nicolae_overflow_hidden_temple, grunt_pakellas_mercury,
          lemuel_old_faithful, uniq_robin

Skill      XL: |  1  2  3 |
---------------+----------+-----
Dodging        | 2 |  2.6
Conjurations   | 1 |  1.3
Fire Magic     | 3 |  3.1
Spellcasting   | 2 |  2.2
Fighting       | |  0.8
Armour         | |  0.8
Stealth        | |  1.7

Action                   || total
-------------------------++-------
Melee: Unarmed           ||     3
       Short sword       ||    26
       Flail             ||    13
 Cast: Flame Tongue      ||    57
       Throw Flame       ||    10
  Use: Scroll            ||     9
       Potion            ||     2
  Eat: Chunk             ||     4
Armor: Robe              ||    10
       Skin              ||    25
Dodge: Dodged            ||    32
